Unix NetHack Version 5.0.0-0 post-release - last build May 31 2026 23:59:36 (970b52f25bf058293b47ddfd14a1e40e571c508c,branch:main).

Game began 2026-06-04 05:50:48, ended 2026-06-04 06:10:04.

Eisengrim, chaotic male elven Wizard

        ----
       --..|
       |...--
       |<..([.
     ---.---)-
    --...|  @
    |...--  G
    |...|
    --.--
     |.|
     |.|
    --.|
-----..|
|.....--
|...---
--..|
 ----
Eisengrim the Conjurer    St:11 Dx:11 Co:15 In:18 Wi:10 Ch:10  Chaotic
Dlvl:5  $:268 HP:0(36) Pw:70(70) AC:9  Xp:5 T:2354  Fainting

Latest messages:
 You faint from lack of food.
 You regain consciousness.
 What do you want to eat? [C or ?*]
 It is not so easy to open this tin.
 You can hear again.
 You stop opening the tin.
 What do you want to eat? [C or ?*]
 It is not so easy to open this tin.
 You stop opening the tin.
 You faint from lack of food.
 The gnome throws a dagger!
 You are almost hit by a dagger.
 The gnome wields 4 daggers!
 The daggers weld themselves to the gnome's hand!
 The gnome thrusts one of his daggers.
 The gnome hits!
 The gnome thrusts one of his daggers.
 The gnome hits!
 The housecat picks up a pair of hard shoes.
 You regain consciousness.
 You miss the gnome.
 The gnome thrusts one of his daggers.
 The gnome hits!
 You kill the gnome!
 What do you want to eat? [C or ?*]
 It is not so easy to open this tin.
 You stop opening the tin.
 You faint from lack of food.
 The gecko bites!
 The gecko bites!
 The gecko bites!
 You regain consciousness.
 You miss the gecko.
 You hit the gecko.
 The gecko just misses!
 You hit the gecko.
 The gecko bites!
 You kill the gecko!
 You hit the gnome lord!
 The gnome lord swings his thonged club.
 The gnome lord hits!
 You hit the gnome lord.
 The gnome lord swings his thonged club.
 The gnome lord hits!
 You hit the gnome lord.
 The gnome lord swings his thonged club.
 The gnome lord hits!
 You die...
 Do you want your possessions identified? [ynq] (y)
 Do you want to see your attributes? [ynq] (y)

Inventory:
 Coins    ('$')
  $ - 268 gold pieces
 Weapons  (')')
  v - a +0 dagger
  a - a blessed +1 quarterstaff (weapon in hands)
 Armor    ('[')
  b - an uncursed +0 cloak of magic resistance (being worn)
  M - an uncursed +0 dwarvish cloak
  p - an uncursed +0 elven mithril-coat
 Comestibles  ('%')
  C - 2 uncursed tins of french fried red mold
 Scrolls  ('?')
  D - an uncursed scroll of amnesia
  r - an uncursed scroll of confuse monster
  q - an uncursed scroll of earth
  H - an uncursed scroll of fire
  t - an uncursed scroll of identify
  i - 2 uncursed scrolls of light
  Q - a blessed scroll of remove curse
  j - an uncursed scroll of stinking cloud
 Spellbooks  ('+')
  m - an uncursed spellbook of cure blindness
  l - a blessed spellbook of force bolt
  y - an uncursed spellbook of healing
  w - an uncursed spellbook of remove curse
 Potions  ('!')
  f - a blessed potion of extra healing
  E - a blessed potion of hallucination
  g - 3 blessed potions of healing
  h - an uncursed potion of monster detection
  s - an uncursed potion of sickness
 Rings    ('=')
  d - an uncursed ring of invisibility
  e - an uncursed ring of regeneration
  I - an uncursed ring of see invisible
 Wands    ('/')
  c - a wand of enlightenment (0:11)
  F - a wand of light (0:15)
  P - a wand of light (0:15)
  G - a wand of secret door detection (0:14)
 Tools    ('(')
  o - an uncursed wooden flute
  n - a magic marker (0:20)
  k - an uncursed skeleton key
 Gems/Stones  ('*')
  K - an uncursed fluorite stone
  O - 2 uncursed worthless pieces of black glass
  N - an uncursed worthless piece of blue glass
  L - a cursed worthless piece of white glass
  B - an uncursed worthless piece of yellowish brown glass

Eisengrim the Wizard's attributes:

Background:
 You were a Conjurer, a level 5 male elven Wizard.
 You were chaotic, on a mission for Anhur
 who was opposed by Ptah (lawful) and Thoth (neutral).
 You were right-handed.
 You were in the Gnomish Mines, on level 5.
 You entered the dungeon 2354 turns ago.
 You had 199 experience points, 121 more were needed to attain level 6.

Basics:
 You had 0 out of 36 hit points.
 You had all 70 energy points (spell power).
 Your armor class was 9.
 Your wallet contained 268 zorkmids.
 Autopickup was off.

Final Characteristics:
 Your strength was 11 (base:12, limit:18).
 Your dexterity was 11 (limit:18).
 Your constitution was 15 (limit:16).
 Your intelligence was 18 (limit:20).
 Your wisdom was 10 (limit:20).
 Your charisma was 10 (limit:18).

Final Status:
 You were fainting due to starvation.
 You were unencumbered.
 You were wielding a quarterstaff.
 You had basic skill with quarterstaff.

Final Attributes:
 You were piously aligned.
 You were magic-protected.
 You were sleep resistant.
 You had infravision.
 You were warded.
 You were unlucky.
 Anhur was angry with you.
 You are dead.

Miscellaneous:
 You didn't encounter any bones levels.
 Total elapsed playing time was 19 minutes and 13 seconds.

Major events:
 Turn
    1: Eisengrim the chaotic male elven Wizard entered the dungeon
 1143: attained the rank of Conjurer (level 3)
 1359: entered the Gnomish Mines
 2354: killed by a gnome lord

Spells:
 Name                 Level Category     Fail Retention
 force bolt             1   attack         0%   81%-90%
 cure blindness         2   healing       43%  76%-100%
 remove curse           3   clerical      79%  76%-100%
 healing                1   healing        0%  76%-100%

Skills:
 Fighting Skills
   bare handed combat [Unskilled]
   riding             [Unskilled]
 Weapon Skills
   dagger             [Basic]
   knife              [Unskilled]
   axe                [Unskilled]
   short sword        [Unskilled]
   club               [Unskilled]
   mace               [Unskilled]
   quarterstaff       [Basic]
   polearms           [Unskilled]
   spear              [Unskilled]
   trident            [Unskilled]
   sling              [Unskilled]
   dart               [Unskilled]
   shuriken           [Unskilled]
 Spellcasting Skills
   attack spells      [Basic]
   healing spells     [Unskilled]
   divination spells  [Unskilled]
   enchantment spells [Basic]
   clerical spells    [Unskilled]
   escape spells      [Unskilled]
   matter spells      [Unskilled]

Voluntary challenges:
 Character rerolling was not enabled.
 You never genocided any monsters.
 You never polymorphed an object.
 You never changed form.
 You used no wishes.
Achievements:
 You attained the rank of Conjurer.
 You entered the Gnomish Mines.

 The Dungeons of Doom: levels 1 to 4
    Level 1:
    Level 2:
    Level 3:
       Stairs down to The Gnomish Mines.
    Level 4:
       Some fountains.
 The Gnomish Mines: levels 4 to 5
    Level 4:
    Level 5: <- You were here.
       Final resting place for
          you, killed by a gnome lord.


Vanquished creatures:
  2 gnome leaders
  a floating eye
  3 dwarves
  2 hill orcs
  a giant bat
  a dwarf zombie
  a wererat
  a gas spore
  a hobbit
  4 cave spiders
  a yellow mold
 12 gnomes
  3 geckos
  4 jackals
  a kobold
  2 goblins
  5 grid bugs
  6 lichens
  3 kobold zombies
  5 newts
59 creatures vanquished.

No species were genocided or became extinct.

Game over:
                       ----------
                      /          \
                     /    REST    \
                    /      IN      \
                   /     PEACE      \
                  /                  \
                  |    Eisengrim     |
                  |      268 Au      |
                  |   killed by a    |
                  |    gnome lord    |
                  |                  |
                  |                  |
                  |       2026       |
                 *|     *  *  *      | *
        _________)/\\_//(\/(/\)/\//\/|_)_______

Goodbye Eisengrim the Wizard...

You died in The Gnomish Mines on dungeon level 5 with 1238 points,
and 268 pieces of gold, after 2354 moves.
You were level 5 with a maximum of 36 hit points when you died.

